Map: [ESL] Crimson Court

Players

SKillous

  • Race: Protoss Protoss
  • Spawn Location: 1:00

Spirit - Winner!

  • Race: Terran Terran
  • Spawn Location: 7:00

Event: ESL SC2 Masters 2024 Spring (Regional)

VOD

Have the link to the VOD?

Description

Time

  • Played on: April 17, 2024, 10:25 a.m.
  • Length: 20:22

All games in this series

Show
View Real Time Build Order
Export as new Build Order

SKillous Protoss 

Build Orders: 1 Gate Expand, Phoenix Opening 

Get SALT Encoding   

  12  0:00  Probe  
  13  0:12  Probe  
  14  0:19  Pylon  
  14  0:24  Probe  
  15  0:37  Probe (Chrono Boost)  
  15  0:38  Gateway  
  16  0:43  Assimilator  
  16  0:47  Probe (Chrono Boost)  
  17  0:52  Probe (Chrono Boost)  
  18  1:03  Probe  
  19  1:15  Probe  
  20  1:24  Cybernetics Core  
  20  1:32  Nexus  
  20  1:38  Pylon  
  20  1:41  Probe  
  20  1:46  Assimilator  
  21  1:53  Probe  
  22  1:58  Adept (Chrono Boost)  
  24  2:05  Probe  
  25  2:17  Probe (Chrono Boost)  
  25  2:18  Stargate  
  26  2:23  Adept  
  26  2:29  Probe (Chrono Boost)  
  29  2:34  Probe (Chrono Boost), Warp Gate  
  30  2:45  Probe (Chrono Boost)  
  30  2:50  Probe (Chrono Boost)  
  32  2:53  Stalker  
  32  2:54  Probe (Chrono Boost)  
  32  2:58  Probe (Chrono Boost)  
  36  3:02  Phoenix (Chrono Boost)  
  38  3:05  Probe  
  38  3:08  Probe  
  40  3:14  Pylon  
  40  3:17  Shield Battery  
  40  3:18  Probe  
  39  3:20  Probe  
  39  3:22  Phoenix (Chrono Boost)  
  42  3:30  Probe, Assimilator  
  42  3:32  Probe  
  42  3:33  Assimilator  
  44  3:42  Probe (Chrono Boost)  
  44  3:44  Phoenix  
  48  3:52  Probe (Chrono Boost)  
  48  3:54  Probe (Chrono Boost)  
  49  3:56  Robotics Facility  
  49  3:57  Pylon  
  49  4:00  Probe (Chrono Boost)  
  49  4:01  Probe (Chrono Boost)  
  51  4:10  Pylon  
  51  4:11  Gateway  
  51  4:14  Phoenix  
  53  4:17  Probe  
  53  4:20  Probe  
  55  4:29  Stalker, Probe  
  58  4:31  Pylon  
  58  4:32  Probe  
  59  4:41  Probe  
  59  4:42  Phoenix  
  63  4:46  Immortal (Chrono Boost)  
  66  4:54  Stalker  
  68  5:06  Nexus  
  68  5:08  Pylon  
  68  5:10  Probe x2  
  70  5:19  Observer (Chrono Boost)  
  71  5:21  Robotics Bay  
  71  5:23  Probe  
  71  5:27  Twilight Council  
  72  5:29  Forge  
  72  5:32  Observer (Chrono Boost)  
  73  5:38  Stalker  
  73  5:39  Stalker  
  77  5:43  Probe  
  77  5:44  Probe  
  79  5:55  Phoenix  
  79  5:56  Probe (Chrono Boost)  
  79  6:00  Probe (Chrono Boost)  
  79  6:02  Protoss Ground Weapons Level 1 (Chrono Boost)  
  79  6:04  Charge  
  79  6:07  Probe (Chrono Boost)  
  81  6:12  Probe (Chrono Boost)  
  81  6:13  Pylon, Probe (Chrono Boost)  
  81  6:17  Colossus  
  87  6:19  Probe (Chrono Boost)  
  87  6:23  Probe (Chrono Boost)  
  90  6:26  Extended Thermal Lance  
  90  6:28  Probe (Chrono Boost)  
  90  6:29  Probe (Chrono Boost)  
  90  6:32  Probe (Chrono Boost), Sentry  
  94  6:40  Probe  
  94  6:41  Nexus  
  94  6:43  Pylon, Probe  
  96  6:47  Probe  
  96  6:54  Gateway  
  97  7:01  Gateway  
  97  7:03  Gateway  
  97  7:04  Gateway  
  97  7:07  Zealot x2  
  101  7:09  Probe  
  101  7:10  Colossus (Chrono Boost), Forge  
  108  7:16  Probe x2  
  108  7:21  Probe  
  111  7:28  Probe  
  112  7:32  Gateway  
  112  7:33  Gateway  
  112  7:35  Pylon, Probe  
  113  7:38  Pylon, Zealot  
  113  7:39  Zealot  
  113  7:42  Protoss Ground Armor Level 1 (Chrono Boost)  
  117  7:47  Shield Battery  
  117  7:52  Probe x2  
  117  7:53  Protoss Ground Weapons Level 2 (Chrono Boost), Colossus (Chrono Boost)  
  123  8:02  Blink, Robotics Facility  
  123  8:03  Probe  
  123  8:05  Probe x2  
  126  8:14  Zealot x6  
  132  8:27  Zealot  
  130  8:30  Zealot  
  134  8:34  Gateway  
  134  8:35  Gateway, Zealot x5  
  134  8:38  Pylon, Warp Prism (Chrono Boost)  
  142  8:43  Gravitic Drive  
  142  8:46  Zealot  
  143  8:57  Stalker x2, Nexus  
  143  8:58  Pylon  
  145  9:05  Zealot x4  
  145  9:16  Zealot x2  
  147  9:17  Disruptor x2  
  147  9:19  Probe (Chrono Boost)  
  156  9:25  Pylon  
  156  9:26  Pylon  
  156  9:34  Probe (Chrono Boost)  
  153  9:41  Probe  
  153  9:45  Zealot x9  
  142  9:53  Disruptor (Chrono Boost), Zealot x5  
  142  9:54  Protoss Ground Armor Level 2, Zealot x5  
  142  9:55  Disruptor (Chrono Boost)  
  154  10:07  Probe x2  
  154  10:10  Probe x2  
  154  10:11  Probe  
  159  10:15  Zealot x2  
  159  10:16  Zealot x5  
  159  10:17  Protoss Ground Weapons Level 3, Nexus  
  173  10:24  Observer (Chrono Boost), Warp Prism (Chrono Boost)  
  176  10:29  Pylon  
  176  10:34  Stalker x3  
  182  10:36  Stalker, Zealot  
  182  10:40  Stalker  
  186  10:46  Probe  
  179  10:53  Zealot x4  
  179  10:54  Probe  
  184  11:03  Probe x2  
  184  11:07  Photon Cannon  
  184  11:09  Shield Battery  
  184  11:10  Pylon, Photon Cannon  
  184  11:24  Zealot x5  
  194  11:30  Unknown  
  190  11:35  Disruptor  
  190  11:38  Disruptor  
  196  11:43  Probe  
  159  11:50  Zealot x6  
  159  11:51  Zealot x4  
  173  11:57  Gateway  
  173  12:00  Gateway  
  173  12:01  Probe x2  
  175  12:02  Gateway  
  175  12:03  Gateway  
  175  12:04  Gateway  
  175  12:05  Shield Battery  
  175  12:06  Pylon  
  175  12:07  Gateway  
  175  12:10  Pylon, Dark Shrine  
  175  12:11  Zealot x9  
  175  12:12  Zealot  
  195  12:17  Protoss Ground Armor Level 3 (Chrono Boost)  
  191  12:27  Photon Cannon  
  191  12:31  Photon Cannon x3  
  191  12:35  Pylon  
  187  12:38  Pylon  
  187  12:40  Colossus  
  187  12:41  Pylon  
  187  12:42  Pylon  
  187  12:43  Zealot  
  189  12:51  Nexus  
  189  12:55  Zealot  
  185  13:01  Zealot x7  
  185  13:04  Warp Prism  
  185  13:12  Stalker x3, Zealot x6  
  199  13:21  Gateway  
  199  13:22  Gateway, Shadow Stride (Chrono Boost)  
  199  13:24  Robotics Facility  
  199  13:27  Pylon, Robotics Facility  
  199  13:28  Pylon  
  199  13:30  Pylon  
  199  13:41  Nexus  
  199  13:43  Pylon  
  199  13:44  Shield Battery  
  199  13:46  Photon Cannon  
  199  13:48  Observer x2, Photon Cannon  
  200  13:50  Photon Cannon  
  198  13:59  Stalker x4  
  198  14:00  Zealot x2  
  192  14:08  Nexus  
  185  14:18  Pylon, Nexus, Zealot x7  
  185  14:20  Observer  
  199  14:24  Protoss Shields Level 1 (Chrono Boost)  
  199  14:27  Pylon  
  191  14:36  Zealot x2  
  191  14:37  Zealot x7  
  197  14:45  Shield Battery  
  197  14:47  Photon Cannon  
  197  14:49  Photon Cannon  
  197  14:51  Photon Cannon  
  197  14:52  Photon Cannon  
  195  14:55  Disruptor, Shield Battery  
  199  15:01  Gravitic Boosters  
  195  15:16  Zealot x2  
  195  15:19  Shield Battery  
  199  15:21  Pylon, Observer  
  199  15:22  Shield Battery  
  199  15:25  Photon Cannon  
  193  15:28  Photon Cannon  
  190  15:38  Dark Templar x3, Zealot  
  190  15:39  Dark Templar x2  
  196  15:45  Nexus  
  190  15:51  Stalker x9  
  190  15:53  Shield Battery  
  190  15:56  Photon Cannon  
  156  16:15  Zealot x14  
  156  16:28  Dark Templar x4  
  162  16:34  Probe x2  
  162  16:35  Probe x4  
  168  16:42  Stalker x3  
  168  16:46  Probe  
  168  16:47  Probe x2  
  169  17:00  Stalker x6  
  177  17:07  Colossus (Chrono Boost)  
  183  17:15  Colossus (Chrono Boost)  
  189  17:17  Colossus (Chrono Boost)  
  194  17:25  Zealot x3  
  200  17:31  Protoss Shields Level 2  
  200  17:35  Photon Cannon  
  200  17:37  Pylon  
  200  17:39  Shield Battery  
  200  17:42  Colossus (Chrono Boost)  
  178  17:47  Stalker x5  
  187  17:58  Stargate  
  193  18:01  Colossus (Chrono Boost)  
  193  18:03  Zealot x4  
  198  18:07  Zealot x2  
  183  18:20  Stalker x7  
  197  18:44  Pylon  
  197  18:45  Stalker x5  
  178  19:03  Assimilator x2  
  154  19:24  Probe x3  
  129  19:42  Stalker x3  
  129  19:43  Stalker, Probe  
  129  19:44  Probe x5  
  121  19:49  Stalker  
  121  19:50  Zealot x8  
  128  19:58  Probe x2 (Chrono Boost)  
  128  19:59  Probe (Chrono Boost)  
  120  20:01  Probe (Chrono Boost)  
  120  20:06  Probe x2 (Chrono Boost)  
  113  20:08  Stalker x3  
  113  20:10  Zealot x6  
  113  20:11  Probe (Chrono Boost)  
  113  20:12  Probe (Chrono Boost)  
  113  20:13  Probe x2 (Chrono Boost)  
Show
View Real Time Build Order
Export as new Build Order

Spirit Terran - Winner!

Build Orders: Cyclone Opening 

Get SALT Encoding   

  12  0:00  SCV  
  13  0:12  SCV  
  14  0:16  Supply Depot  
  14  0:24  SCV  
  15  0:38  SCV  
  15  0:39  Barracks  
  16  0:44  Refinery  
  16  0:50  SCV  
  17  1:02  SCV  
  18  1:14  SCV  
  19  1:26  Marine  
  19  1:27  Orbital Command  
  20  1:39  Command Center  
  20  1:50  Factory  
  21  1:54  SCV  
  21  2:00  Supply Depot  
  21  2:04  Barracks Reactor  
  21  2:06  SCV  
  22  2:10  Refinery  
  22  2:18  SCV  
  23  2:30  SCV  
  23  2:34  Cyclone  
  26  2:41  Marine x2  
  26  2:42  SCV  
  29  2:47  Starport  
  29  2:54  SCV  
  30  2:58  Marine  
  30  2:59  Marine  
  32  3:07  Orbital Command  
  32  3:10  Cyclone  
  32  3:12  SCV  
  35  3:16  Marine  
  35  3:19  Marine  
  37  3:24  SCV, Medivac  
  40  3:33  SCV  
  41  3:35  Supply Depot, Marine  
  41  3:36  SCV  
  41  3:37  Marine  
  44  3:46  Cyclone  
  46  3:52  Supply Depot  
  46  3:56  Marine x2  
  46  3:57  SCV x2  
  46  3:58  Liberator  
  52  4:09  SCV x2  
  54  4:18  Cyclone  
  54  4:19  Marine  
  54  4:20  Supply Depot  
  54  4:21  SCV x2  
  58  4:33  SCV x2, Supply Depot  
  58  4:34  Marine  
  61  4:41  Command Center  
  61  4:45  SCV x2  
  65  4:54  Factory Tech Lab  
  65  4:57  SCV x2  
  67  5:00  Barracks  
  67  5:01  Starport Tech Lab  
  67  5:02  Marine  
  67  5:06  Barracks  
  66  5:07  Engineering Bay  
  66  5:09  SCV x2  
  66  5:12  Refinery  
  66  5:13  Supply Depot  
  68  5:16  Siege Tank  
  71  5:23  Raven  
  71  5:24  Interference Matrix  
  71  5:25  SCV  
  74  5:34  SCV  
  74  5:39  SCV  
  75  5:42  Marine  
  75  5:46  Marine  
  75  5:48  Siege Tank  
  76  5:50  SCV  
  76  5:53  Orbital Command  
  76  5:54  Terran Infantry Weapons Level 1  
  76  5:55  Barracks  
  76  5:56  Refinery  
  70  5:57  SCV, Barracks  
  70  5:58  Engineering Bay  
  70  6:01  Barracks Tech Lab  
  70  6:02  Marine  
  70  6:03  SCV  
  72  6:09  SCV, Missile Turret  
  72  6:13  Missile Turret  
  72  6:15  SCV  
  73  6:18  Orbital Command  
  73  6:20  Stimpack, Marine  
  73  6:22  SCV, Siege Tank  
  73  6:24  Marine  
  79  6:28  SCV  
  79  6:30  Terran Infantry Armor Level 1  
  81  6:34  SCV  
  82  6:40  SCV  
  82  6:46  SCV  
  83  6:47  Barracks Reactor  
  83  6:49  Barracks Tech Lab  
  83  6:51  SCV  
  83  6:52  SCV  
  83  6:53  Supply Depot  
  83  6:54  Medivac x2  
  87  6:58  SCV  
  87  6:59  Marauder, Marine  
  91  7:03  SCV  
  91  7:04  SCV  
  90  7:10  SCV  
  90  7:12  Marauder  
  90  7:15  SCV  
  94  7:16  SCV  
  94  7:17  Marauder  
  94  7:20  Supply Depot, Marine  
  94  7:21  Combat Shield  
  94  7:22  SCV, Supply Depot  
  98  7:24  Concussive Shells  
  98  7:25  Barracks Tech Lab  
  98  7:27  SCV  
  98  7:28  SCV, Marine x2  
  103  7:31  Refinery  
  103  7:32  Refinery  
  103  7:33  Marauder  
  103  7:35  Supply Depot  
  103  7:36  Armory  
  105  7:37  Supply Depot  
  105  7:38  Marine  
  105  7:39  SCV, Marauder  
  105  7:42  SCV x2  
  105  7:43  Medivac  
  105  7:44  Marine  
  113  7:45  Marine x2  
  113  7:49  Medivac  
  113  7:51  SCV  
  119  7:54  SCV, Marauder  
  119  7:56  Marauder  
  122  7:59  Marine  
  122  8:02  Marauder  
  122  8:03  SCV x2, Marine  
  122  8:04  Supply Depot  
  128  8:06  SCV  
  128  8:11  Ghost Academy  
  128  8:12  Marine  
  129  8:15  SCV x2  
  129  8:16  Marauder  
  129  8:18  SCV, Marauder x2  
  137  8:21  Marine  
  137  8:24  Marauder  
  72  8:27  Medivac  
  136  8:30  Marine  
  141  8:35  Medivac  
  141  8:37  Marauder  
  141  8:39  Marauder, Marine x2  
  147  8:41  Supply Depot  
  147  8:44  Marine  
  148  8:50  Sensor Tower  
  148  8:51  Marine  
  149  9:02  Command Center, Medivac  
  149  9:04  Medivac  
  149  9:05  SCV  
  154  9:15  Ghost  
  137  9:17  Ghost x3  
  137  9:20  Marine  
  137  9:23  Terran Infantry Weapons Level 2, Marine  
  145  9:28  SCV  
  145  9:29  Barracks  
  145  9:30  Barracks x2  
  146  9:32  SCV  
  146  9:34  SCV  
  146  9:37  Terran Infantry Armor Level 2  
  146  9:38  Marine  
  148  9:41  Marine  
  148  9:44  Marauder  
  151  9:46  Marine  
  151  9:47  Marine  
  151  9:48  SCV  
  151  9:49  SCV  
  151  9:51  Marine  
  141  9:54  Medivac  
  141  9:55  Marine  
  141  9:58  Marine  
  130  10:03  Marine  
  130  10:05  Marine  
  130  10:06  Marauder  
  120  10:07  Medivac  
  120  10:09  Marine  
  120  10:11  Terran Ship Weapons Level 1  
  120  10:13  Marine  
  124  10:16  Marine  
  124  10:17  SCV x3  
  129  10:22  Marauder  
  129  10:23  Barracks Tech Lab  
  129  10:24  Medivac, Marauder, Barracks Reactor  
  129  10:25  Barracks Tech Lab  
  129  10:27  Marine x2  
  136  10:29  SCV  
  136  10:31  Marine  
  136  10:34  Planetary Fortress  
  136  10:35  SCV  
  139  10:38  Marine, Unknown  
  139  10:42  Ghost  
  139  10:44  Marine  
  139  10:45  Marauder x3, Marine  
  139  10:49  Marine  
  145  10:50  SCV x2, Unknown  
  145  10:52  Medivac  
  145  10:54  SCV  
  145  10:56  Marine  
  151  10:59  Marine  
  151  11:03  Marauder x2  
  151  11:04  Sensor Tower  
  155  11:06  Marine  
  156  11:13  Missile Turret  
  156  11:20  Unknown  
  156  11:21  Supply Depot  
  156  11:23  Supply Depot  
  156  11:37  Command Center  
  156  11:40  SCV x2, Ghost x2  
  156  11:41  Terran Infantry Weapons Level 3  
  156  11:43  Medivac, Ghost, Marine, Marauder  
  156  11:44  Marauder  
  156  11:45  SCV  
  159  11:53  Supply Depot x2  
  158  12:05  Sensor Tower  
  158  12:06  SCV x2, Ghost, Marine  
  158  12:07  Marauder  
  165  12:14  SCV  
  166  12:16  Supply Depot x2  
  166  12:17  Ghost  
  166  12:20  Terran Infantry Armor Level 3  
  166  12:21  Marine  
  166  12:22  Viking  
  171  12:24  Marauder  
  171  12:29  SCV  
  172  12:37  Viking  
  174  12:47  Command Center, Marauder  
  175  12:51  Marine  
  175  12:52  Viking, Marauder  
  180  13:07  Viking, Terran Ship Weapons Level 2  
  180  13:12  Starport  
  182  13:13  Fusion Core  
  182  13:15  Planetary Fortress  
  182  13:17  SCV x2  
  184  13:26  SCV  
  184  13:27  Missile Turret  
  185  13:33  Starport  
  182  13:55  Command Center  
  182  13:56  Marine  
  182  13:57  Marauder  
  182  14:02  Orbital Command  
  183  14:03  Marine  
  183  14:04  Marauder  
  183  14:06  SCV  
  183  14:07  Marine  
  183  14:08  SCV  
  189  14:10  Sensor Tower  
  189  14:11  Marine  
  189  14:12  Marauder  
  189  14:16  Starport Reactor  
  188  14:17  Advanced Ballistics  
  188  14:20  Command Center  
  188  14:26  Liberator, Starport Reactor  
  189  14:38  Sensor Tower  
  189  14:39  Liberator  
  192  14:52  Ghost x2  
  194  14:59  Marauder  
  198  15:04  Marine  
  198  15:06  Marine  
  199  15:08  Liberator  
  196  15:21  Missile Turret  
  196  15:23  Sensor Tower  
  196  15:24  SCV x3  
  196  15:26  Command Center  
  197  15:31  Liberator  
  188  15:36  SCV x2, Liberator  
  188  15:37  SCV, Missile Turret  
  194  15:44  Orbital Command  
  194  15:48  SCV, Marauder x2, Marine x4  
  191  15:51  Marine  
  191  15:54  Planetary Fortress  
  191  15:56  Marauder x2, Marine  
  176  16:05  Marine x2  
  176  16:07  Marine  
  176  16:10  Marauder, Marine  
  159  16:12  Marine  
  159  16:13  Marauder  
  159  16:17  Marauder  
  159  16:18  Marine  
  149  16:23  Marine x2  
  147  16:31  Marauder  
  148  16:33  Liberator x2  
  148  16:38  Liberator  
  157  16:41  Liberator  
  157  16:46  Liberator  
  163  16:49  Liberator  
  163  16:51  Marauder  
  166  16:58  Orbital Command  
  166  17:15  Ghost  
  166  17:16  Liberator x2  
  166  17:18  Marine  
  166  17:21  Liberator  
  178  17:24  Orbital Command, Liberator  
  178  17:29  Liberator  
  184  17:32  Liberator, Refinery x2  
  184  17:46  SCV x2  
  186  17:58  SCV  
  186  17:59  Liberator x2  
  186  18:03  Liberator  
  196  18:06  Liberator  
  196  18:07  Ghost  
  196  18:11  Marauder  
  198  18:14  Marine  
  198  18:17  Marine  
  200  18:20  Marine  
  200  18:23  Marine  
  199  18:28  Marine  
  200  18:43  Marine  
  200  18:46  Marine  
  200  18:47  Marine  
  199  18:55  Marine x2  
  197  18:56  Marauder  
  197  19:01  Marauder, Marine  
  200  19:05  Marine  
  200  19:08  Marauder, Marine  
  200  19:09  Missile Turret  
  197  19:11  Marine, Missile Turret  
  197  19:12  Marauder  
  192  19:17  Marine  
  192  19:22  Liberator x2, Marine  
  192  19:23  Marauder  
  198  19:25  Marauder  
  199  19:40  Planetary Fortress, Marauder x3, Marine  
  200  19:52  SCV, Marauder, Marine  
  192  19:54  Sensor Tower  
  192  19:55  Marauder, Marine  
  192  19:57  Marauder, Marine  
  195  20:05  Missile Turret  
Tags
 
Add a new tag
Caveats
  • Supply blocks, unpowered buildings, or Contaminate may cause inaccurate times.
  • Supply counts are checked every 10 seconds.